 Dungeon Crawl Stone Soup version 0.27.1-33-g824d729ab1 (webtiles) character file.

Game seed: 7518835387325271615

44 lonewolfV2 the Cutter (level 3, -3/23 HPs)
             Began as a Kobold Berserker on Dec 14, 2021.
             Was a Follower of Trog.
             Slain by an orc priest (6 damage)
             ... on level 3 of the Dungeon.
             The game lasted 00:04:20 (2143 turns).

lonewolfV2 the Cutter (Kobold Berserker)            Turns: 2143, Time: 00:04:20

Health: -3/23      AC:  6    Str: 14    XL:     3   Next: 87%
Magic:  3/3        EV: 13    Int:  8    God:    Trog [*.....]
Gold:   105        SH:  0    Dex: 15    Spells: 2/2 levels left

rFire    + . .     SeeInvis .   h - +0 dagger (venom)
rCold    . . .     Faith    .   (shield restricted)
rNeg     . . .     Spirit   .   l - +1 ring mail {rF+}
rPois    .         Reflect  .   (no helmet)
rElec    .         Harm     .   (no cloak)
rCorr    .         Rampage  .   (no gloves)
Will     .....                  (no boots)
Stlth    ++........             (no amulet)
HPRegen  0.07/turn              (no ring)
MPRegen  0.08/turn              (no ring)

@: no status effects
A: small, no large weapons, nightstalker 3
a: Renounce Religion, Berserk


You were on level 3 of the Dungeon.
You worshipped Trog.
Trog was aware of your devotion.
You visited 1 branch of the dungeon, and saw 3 of its levels.

You collected 105 gold pieces.

Inventory:

Hand Weapons
 a - a +0 short sword
 h - a +0 dagger of venom (weapon)
Armour
 b - a +0 animal skin
 l - a +1 ring mail of fire resistance (worn)
Wands
 d - a wand of iceblast (11) (quivered)
Scrolls
 c - a scroll of vulnerability {unknown}
 e - 2 scrolls of teleportation
 f - 2 scrolls of immolation
 j - a scroll of noise {unknown}
 k - a scroll of amnesia {unknown}
Potions
 g - a potion of ambrosia
 i - 2 potions of flight
 m - a potion of degeneration {unknown}


   Skills:
 + Level 3.5 Fighting
 + Level 4.8 Short Blades
 + Level 1.6 Armour
 + Level 2.6 Dodging
 + Level 2.6 Stealth


You had 2 spell levels left.
You didn't know any spells.
Your spell library contained the following spells:

 Spells                   Type           Power      Damage    Failure   Level
 Fireball                 Conj/Fire      0%         3d3       100%        5
 Starburst                Conj/Fire      0%         6d3       100%        6
 Ignition                 Fire           0%         3d3       100%        8


Dungeon Overview and Level Annotations

Branches:
Dungeon (3/15)

Altars:


Innate Abilities, Weirdness & Mutations

You are small and have problems with some larger weapons.
You are completely attuned to the shadows.


Message History

You hit the orc but do no damage.
The orc is heavily wounded.
The orc misses you.
You hit the orc but do no damage.
The orc is almost dead.
You hit the orc but do no damage.
The orc looks as sick as possible!
The orc is almost dead.
You kill the orc!
Trog accepts your kill.
The orc priest looks braver for a moment.
You barely miss the orc. The orc hits you with a +0 hand axe.
You hit the orc.
The orc is poisoned.
The orc is heavily wounded.
The orc closely misses you.
You barely miss the orc.
The orc is severely wounded.
You hit the orc.
You kill the orc!
Trog accepts your kill.
The orc priest looks encouraged for a moment.
The orc completely misses you. The orc priest closely misses you.
Items here: ))) [ ††.
You hit the orc.
The orc is moderately wounded.
The orc barely misses you.
The orc priest calls down the wrath of Beogh upon you.
Pain shoots through your body!
You hit the orc.
The orc is severely wounded.
The orc hits you but does no damage.
The orc priest hits you with a +3 short sword.
* * * LOW HITPOINT WARNING * * *
You hit the orc.
You kill the orc!
Trog accepts your kill.
There is an escape hatch in the ceiling here.
You hit the orc priest.
The orc priest is poisoned.
The orc priest is lightly wounded.
The orc priest hits you with a +3 short sword.
You die...

###### #$...#
#############....#
##.....##..@o)....#
.......##.###.....#
#....<##.# ##....#
#.....#..# #....#
###.##..## ##.###
#...##.## #.####.#
####.####.#
..........#


You could see an orc priest (very poisoned).

Vanquished Creatures
  A dart slug (D:1)
  4 orcs (D:3)
  4 bats
  4 endoplasms
  3 giant cockroaches
  4 hobgoblins
  4 kobolds
  2 quokkas (D:1)
  4 ball pythons
  4 rats
34 creatures vanquished.

Notes
Turn   | Place    | Note
-------+----------+-------------------------------------------
     0 | D:1      | lonewolfV2 the Kobold Berserker began the quest for the
                  | Orb.
     0 | D:1      | Reached XP level 1. HP: 14/14 MP: 1/1
    61 | D:1      | Found a faded altar of an unknown god.
   323 | D:1      | Reached XP level 2. HP: 16/19 MP: 2/2
   926 | D:1      | Reached skill level 1 in Stealth
   926 | D:1      | Reached XP level 3. HP: 23/23 MP: 3/3
  1414 | D:2      | Found Hek Jinu's Armour Emporium.
  2143 | D:3      | Slain by an orc priest

Illustrated notes

Levels and vault maps discovered:
D:1:      psy_arrival_statuary, layout_loops_ring,
          hellmonk_ecumenical_altar_slurped_away, minmay_pentomino_q2
D:2:      layout_basic, serial_shops, shop
D:3:      minmay_spotlight, layout_rooms, uniq_crazy_yiuf_cottage

Skill      XL: |  1  2  3 |
---------------+----------+-----
Stealth        | 1 2 |  2.6
Fighting       | |  3.5
Short Blades   | |  4.8
Armour         | |  1.6
Dodging        | |  2.6

Action                   || total
-------------------------++-------
Melee: Short sword       ||    33
       Dagger            ||    49
  Use: Scroll            ||     4
 Stab: Sleeping          ||    12
Armor: Animal skin       ||     5
       Ring mail         ||     2
Dodge: Dodged            ||    61
